AoeStats
← FallingELO

Arabian Desert

510192976Analyzed
1v1 RM · 3d ago on Sep 29, 2026· 47m 6s· 2 players
Game mode
Random Map
Map size
Tiny (2 player)
Population
200
Speed
Normal
Resources
Standard
Victory
Conquest
Starting age
Dark Age
Ending age
Imperial Age
RankedLock teamsTeams togetherTeam positionsShared explorationLock speedFull tech treeHidden civsTurbo modeCheats
Victory
Defeat
🇺🇸 Armenians · United States
943
+14
🇺🇸 Varangians · United States
910
-14
FallingELO
7:11 Loom
10:34 Feudal Age
11:12 Double-Bit Axe
12:50 Horse Collar
16:35 Bloodlines
17:01 Scale Barding Armor
17:41 Forging
17:42 Scale Mail Armor
19:08 Fletching
20:56 Stone Mining
27:03 Castle Age
27:54 Bodkin Arrow
29:12 Gold Mining
39:09 Iron Casting
40:14 Bow Saw
StampedVoice276
12:45 Feudal Age
11:33 Loom
12:50 Man-at-Arms
13:19 Arson
13:57 Double-Bit Axe
15:55 Long Swordsman
25:56 Castle Age
25:17 Wheelbarrow
24:54 Scale Mail Armor
26:24 Two-Handed Swordsman
26:52 Gambesons
27:08 Squires
27:23 Forging
27:29 Chain Mail Armor
30:35 Champion
33:43 Bow Saw
34:11 Iron Casting
35:44 Padded Archer Armor
36:36 Gold Mining
36:36 Stone Mining
39:48 Fletching
46:55 Imperial Age
44:46 Hand Cart
44:17 Town Watch
45:38 Bodkin Arrow
47:34 Leather Archer Armor
Connection lost

Rejoining the realm…

Still unreachable

The connection could not be restored.

Session expired

The server has moved on; the page needs a fresh start.